 Dungeon Crawl Stone Soup version 0.27.1-3-gb3d3a73c9e (webtiles) character file.

Game seed: 8089221034996390136

1896 horus123 the Soothsayer (level 8, -2/71 HPs)
             Began as a Red Draconian Gladiator on Oct 31, 2021.
             Was a Priest of Nemelex Xobeh.
             Slain by Duvessa (12 damage)
             ... on level 6 of the Dungeon.
             The game lasted 00:21:37 (7209 turns).

horus123 the Soothsayer (Red Draconian Gladiator)   Turns: 7209, Time: 00:21:37

Health: -2/71      AC: 11    Str: 16    XL:     8   Next: 93%
Magic:  13/13      EV: 13    Int: 11    God:    Nemelex Xobeh [***...]
Gold:   334        SH:  0    Dex: 13    Spells: 8/9 levels left

rFire    + + .     SeeInvis .   s - +3 long sword
rCold    . . .     Faith    .   (no shield)
rNeg     . . .     Spirit   .   (armour unavailable)
rPois    .         Reflect  .   b - +0 hat
rElec    .         Harm     .   (no cloak)
rCorr    .         Rampage  .   g - +0 pair of gloves
Will     .....                  (no boots)
Stlth    ..........             (no amulet)
HPRegen  0.21/turn              e - ring of protection from fire
MPRegen  0.13/turn              n - +4 ring of protection

@: silenced
A: breathe fire, AC +6, unfitting armour, fire resistance 1, cold-blooded
a: Breathe Fire, Renounce Religion


You were on level 6 of the Dungeon.
You worshipped Nemelex Xobeh.
Nemelex Xobeh was most pleased with you.
You visited 1 branch of the dungeon, and saw 6 of its levels.

You collected 334 gold pieces.

Inventory:

Hand Weapons
 a - a +0 long sword
 s - a +3 long sword (weapon)
Missiles
 c - 4 throwing nets
Armour
 b - a +0 hat (worn)
 g - a +0 pair of gloves (worn)
Jewellery
 e - a ring of protection from fire (left hand)
 n - a +4 ring of protection (right hand)
Wands
 o - a wand of acid (5)
 t - a wand of flame (14)
Scrolls
 d - 3 scrolls of vulnerability
 l - a scroll of identify
Potions
 f - a potion of magic
 h - a potion of attraction {unknown}
 i - a potion of heal wounds {unknown}
 j - a potion of degeneration {unknown}
 k - a potion of lignification {unknown}
 m - a potion of ambrosia {unknown}
 q - a potion of brilliance {unknown}
 r - a potion of mutation {unknown}


   Skills:
 + Level 6.7 Fighting
 + Level 7.2 Long Blades
 - Level 1.7 Throwing
 - Level 3.1 Dodging
 - Level 1.0 Spellcasting
 * Level 7.7 Invocations


You had 8 spell levels left.
You knew the following spells:

 Your Spells              Type           Power      Damage    Failure   Level
a - Pain                  Necr           0%         1d4       32%         1

Your spell library contained the following spells:

 Spells                   Type           Power      Damage    Failure   Level
 Animate Skeleton         Necr           0%         N/A       32%         1
 Summon Small Mammal      Summ           0%         N/A       32%         1
 Call Canine Familiar     Summ           0%         N/A       67%         3
 Summon Guardian Golem    Hex/Summ       0%         N/A       67%         3
 Vampiric Draining        Necr           0%         2d6       67%         3
 Blade Hands              Tmut           0%         N/A       100%        5
 Irradiate                Conj/Tmut      0%         3d13      100%        5
 Dragon Form              Tmut           0%         N/A       100%        7
 Orb of Destruction       Conj           0%         N/A       100%        7
 Spellforged Servitor     Conj/Summ      0%         N/A       100%        7


Dungeon Overview and Level Annotations

Branches:
Dungeon (6/15)
 Temple: D:4-7

Altars:
Gozag
Nemelex Xobeh
Yredelemnul

Annotations:
D:6 Duvessa


Innate Abilities, Weirdness & Mutations

You can breathe blasts of fire.
Your fiery red scales are hard. (AC +6)
You cannot fit into any form of body armour.
Your flesh is heat resistant. (rF+)
You are cold-blooded and may be slowed by cold attacks.


Message History

The necrophage hits you but does no damage.
Okay, then.
You hit Duvessa but do no damage.
Duvessa is moderately wounded.
Duvessa hits you but does no damage. The necrophage hits you.
Duvessa hits you but does no damage.
You hit Duvessa but do no damage.
You tail-slap Duvessa, but do no damage.
Duvessa is moderately wounded.
Duvessa misses you.
You riposte.
You slash Duvessa!
Duvessa is heavily wounded.
The necrophage closely misses you.
You hit Duvessa but do no damage.
Duvessa is heavily wounded.
Duvessa hits you with a +0 short sword! Duvessa closely misses you.
The necrophage hits you but does no damage.
You hit Duvessa but do no damage.
Duvessa is heavily wounded.
Duvessa hits you with a +0 short sword. The necrophage misses you.
You hit Duvessa but do no damage.
Duvessa is heavily wounded.
Duvessa completely misses you. Duvessa hits you with a +0 short sword.
The necrophage closely misses you.
You barely miss Duvessa.
Your tail-slap misses Duvessa.
Duvessa is heavily wounded.
You have got your breath back.
Duvessa closely misses you. The necrophage hits you.
Duvessa hits you with a +0 short sword!
* * * LOW HITPOINT WARNING * * *
You completely miss Duvessa.
Duvessa is heavily wounded.
Duvessa hits you with a +0 short sword.
* * * LOW HITPOINT WARNING * * *
The necrophage hits you but does no damage.
You hit Duvessa but do no damage.
Your tail-slap misses Duvessa.
Duvessa is heavily wounded.
Duvessa misses you. The necrophage misses you.
Duvessa hits you with a +0 short sword!
You die...
Your body glows with a rainbow of weird colours and disappears.

#...............
#...............
##...............
#................
.................
.................
......)n.........
.......@e........
....##..)........
....###..#.......
..##...).##.[....
#.....รท## #....#
#......## ....#
...##....# #.##
.. ###)## .# #
#<.##### .#


You could see Duvessa (berserk) and a necrophage.

Vanquished Creatures
  Sigmund (D:6)
  A steam dragon (D:5)
  A water moccasin (D:6)
  An ogre (D:5)
  A centaur (D:5)
  A bullfrog (D:4)
  2 scorpions
  A water moccasin zombie (D:6)
  A wyvern skeleton (D:6)
  A water moccasin skeleton (D:4)
  Dowan (D:6)
  4 wights (D:6)
  2 howler monkeys
  A hound (D:6)
  3 orc priests
  A jelly (D:5)
  2 centaur skeletons
  3 iguanas
  2 hound zombies
  4 gnolls
  5 adders
  An ufetubus (D:5)
  A dart slug (D:5)
  17 orcs
  12 endoplasms
  5 giant cockroaches
  10 goblins
  4 hobgoblins
  2 jackals (D:3)
  5 quokkas
  8 ball pythons
  3 bats
  4 frilled lizards
  3 kobolds
  A quokka zombie (D:3)
  3 rats
118 creatures vanquished.

Vanquished Creatures (collateral kills)
  A sky beast (D:5)
  A necrophage (D:5)
  A scorpion (D:5)
  A hound (D:5)
  An orc priest (D:3)
  A gnoll shaman (D:5)
  An orc wizard (D:3)
  3 gnolls (D:5)
  2 adders
  2 orcs (D:3)
  A quokka (D:3)
  A bat (D:3)
16 creatures vanquished.

Vanquished Creatures (others)
  7 demonic plants (D:2)
  3 fungi (D:2)
  6 plants
  2 withered plants (D:2)
18 creatures vanquished.

Grand Total: 152 creatures vanquished

Notes
Turn   | Place    | Note
-------+----------+-------------------------------------------
     0 | D:1      | horus123 the Draconian Gladiator began the quest for the
                  | Orb.
     0 | D:1      | Reached XP level 1. HP: 17/17 MP: 1/1
   487 | D:1      | Reached XP level 2. HP: 25/25 MP: 2/2
  1431 | D:2      | Found a faded altar of an unknown god.
  1436 | D:2      | Learned a level 1 spell: Pain
  1446 | D:2      | Became a worshipper of Nemelex Xobeh the Trickster
  1446 | D:2      | Reached * piety under Nemelex Xobeh
  1446 | D:2      | Received a gift from Nemelex Xobeh
  1590 | D:2      | Reached XP level 3. HP: 30/30 MP: 3/3
  2131 | D:2      | Reached skill level 1 in Spellcasting
  2319 | D:3      | Reached skill level 1 in Invocations
  2526 | D:3      | Reached XP level 4. HP: 21/37 MP: 5/5
  2870 | D:3      | Reached XP level 5. HP: 7/42 MP: 7/7
  3923 | D:3      | Found a basalt altar of Yredelemnul.
  3987 | D:4      | Reached XP level 6. HP: 34/50 MP: 9/9
  4271 | D:4      | Found an opulent altar of Gozag.
  4398 | D:4      | Reached skill level 5 in Long Blades
  4435 | D:4      | Reached ** piety under Nemelex Xobeh
  4814 | D:4      | Received a gift from Nemelex Xobeh
  5230 | D:5      | Entered Level 5 of the Dungeon
  5246 | D:5      | Noticed a sky beast
  5253 | D:5      | Killed a sky beast
  5254 | D:5      | Reached skill level 5 in Invocations
  5533 | D:5      | Identified the -1 hand axe "Vaegel" {speed, rC+ Dex-3
                  | Stlth+}
  5535 | D:5      | Your scales start taking on a fiery red colour.
  5535 | D:5      | Reached XP level 7. HP: 9/59 MP: 9/11
  5535 | D:5      | Gained mutation: Your flesh is heat resistant. (rF+) [Red
                  | Draconian growth]
  6110 | D:5      | Reached *** piety under Nemelex Xobeh
  6127 | D:5      | Received a gift from Nemelex Xobeh
  6127 | D:5      | Noticed a steam dragon
  6158 | D:5      | Reached skill level 5 in Fighting
  6160 | D:5      | Killed a steam dragon
  6178 | D:5      | Reached XP level 8. HP: 15/70 MP: 13/13
  6827 | D:6      | Noticed Dowan
  7167 | D:6      | Noticed Sigmund
  7179 | D:6      | Killed Sigmund
  7182 | D:6      | Noticed Duvessa
  7201 | D:6      | Killed Dowan
  7209 | D:6      | Slain by Duvessa

Illustrated notes

Levels and vault maps discovered:
D:1:      tarquinn_simple_flora_water_d, layout_basic,
          wander_ebering_terrifying_dragon_lair
D:2:      layout_basic, shapermc_ecumenical_altar_gd
D:3:      layout_loops_ring, lemuel_zombie_altar_yredelemnul,
          minmay_fractal_squares_5
D:4:      layout_loops_corners, mainiacjoe_overflow_catwalk
D:5:      layout_cave_pods, serial_bayou_pond_d, hangedman_decor_growths
D:6:      minmay_angry_zag, layout_cave_pools, lemuel_tele_altar,
          minmay_temple_entry_proselytizer, serial_bayou_pond_b,
          uniq_crazy_yiuf_cottage, uniq_sigmund, uniq_duvessa, uniq_maggie

Skill      XL: |  1  2  3  4  5  6  7  8 |
---------------+-------------------------+-----
Dodging        | 3 |  3.1
Spellcasting   | 1 |  1.0
Invocations    | 2 3 4 5 7 |  7.7
Long Blades    | 4 5 7 |  7.2
Fighting       | 4 5 6 |  6.7
Throwing       | |  1.7

Action                   |  1- 3 |  4- 6 |  7- 9 || total
-------------------------+-------+-------+-------++-------
Melee: Long sword        |   117 |   149 |   105 ||   371
       Tailslap          |    13 |    14 |    19 ||    46
 Cast: Pain              |       |     3 |     3 ||     6
Invok: Draw Summoning    |     1 |     3 |     2 ||     6
       Draw Destruction  |       |     7 |    10 ||    17
       Draw Escape       |       |     1 |     1 ||     2
 Abil: Breathe Fire      |       |       |    11 ||    11
Evoke: Wand              |       |       |     4 ||     4
  Use: Scroll            |     4 |     5 |     2 ||    11
       Potion            |       |     3 |       ||     3
 Stab: Sleeping          |     1 |     2 |       ||     3
Armor: Skin              |    37 |    58 |    56 ||   151
Dodge: Dodged            |    84 |   122 |    85 ||   291
       Rpst.: Long sword |    21 |    26 |    21 ||    68
